 Dungeon Crawl Stone Soup version 0.21.1-1-g345015f (webtiles) character file.

12 shakethe the Skirmisher (level 2, 24/24 HPs)
             Began as a Demonspawn Fighter on Feb 21, 2018.
             Quit the game on level 1 of the Dungeon.
             The game lasted 00:00:17 (139 turns).

shakethe the Skirmisher (Demonspawn Fighter)         Turns: 139, Time: 00:00:18

Health: 24/24      AC:  7    Str: 16    XL:     2   Next: 20%
Magic:  2/2        EV:  6    Int:  9    God:
Gold:   22         SH:  8    Dex: 12    Spells: 1/1 levels left

rFire    . . .     SeeInvis .   a - +0 war axe
rCold    . . .     Gourm    .   c - +0 shield
rNeg     . . .     Faith    .   b - +0 scale mail
rPois    .         Spirit   .   (no helmet)
rElec    .         Reflect  .   h - +0 cloak
rCorr    .         Harm     .   (no gloves)
MR       .....                  (no boots)
Stlth    +.........             (no amulet)
HPRegen  0.08/turn              (no ring)
MPRegen  0.08/turn              (no ring)

@: no status effects
A: nightstalker 1
a: no special abilities


You were on level 1 of the Dungeon.
You were not hungry.

You visited 1 branch of the dungeon, and saw 1 of its levels.

You collected 22 gold pieces.

Inventory:

Hand Weapons
 a - a +0 war axe (weapon)
Armour
 b - a +0 scale mail (worn)
 c - a +0 shield (worn)
 h - a +0 cloak (worn)
   (You found it on level 1 of the Dungeon)
Potions
 d - a potion of might
 e - a potion of flight {unknown}
Comestibles
 f - a ration
 g - 3 chunks of flesh {@w0@w0}


   Skills:
 + Level 3.2 Fighting
 + Level 2.0 Axes
 + Level 2.8 Armour
 + Level 2.9 Shields


You had one spell level left.
You didn't know any spells.

Dungeon Overview and Level Annotations

Branches:
Dungeon (1/15)

Altars:


Innate Abilities, Weirdness & Mutations

You are slightly more attuned to the shadows.


Message History

You closely miss the goblin. You block the goblin's attack. x2
You hit the goblin.
You kill the goblin!
No target in view!
No target in view!
No target in view!
No target in view!
No target in view!
No target in view!
No target in view!
No target in view!
No target in view!
No target in view!
No target in view!
No target in view!
No target in view!
You butcher the leopard gecko corpse.
g - a chunk of flesh {@w0@w0} You see here a leopard gecko skeleton. x2
h - a cloak
There are no items here.
You now have 13 gold pieces (gained 4).
You see here a leopard gecko skeleton.
You see here a rat corpse.
You butcher the rat corpse.
g - 2 chunks of flesh {@w0@w0} (gained 1)
You see here a rat skeleton.
You see here a leopard gecko skeleton.
You see here a goblin corpse.
You butcher the goblin corpse.
g - 3 chunks of flesh {@w0@w0} (gained 1)
You start putting on your armour.
You continue putting on your cloak. x4
You finish putting on your +0 cloak.
Health restored: 18 A kobold comes into view.
It is wielding a whip.
The kobold shouts!
The kobold closely misses you.
You barely miss the kobold. You block the kobold's attack.
The kobold hits you but does no damage.
You barely miss the kobold. The kobold hits you with a whip.
You take 1 damage, and have 17/18 hp.
Your shield prevents you from hitting the kobold.
You block the kobold's attack. x2
You slash the kobold!
You kill the kobold!
Health restored: 18 No target in view!
No target in view!
No target in view!
No target in view!
No target in view!
No target in view!
No target in view!
No target in view!
Things that are here:
a whip; 5 stones No target in view!
No target in view!
No target in view!
No target in view!
No target in view!
You now have 22 gold pieces (gained 9).
A goblin comes into view. It is wielding a club.
The goblin shouts!
The goblin hits you but does no damage.
You slash the goblin!
You kill the goblin!
No target in view!
No target in view!
No target in view!
No target in view!
No target in view!
No target in view!
No target in view!
No target in view!
No target in view!
No target in view!
You see here a club.
A goblin comes into view. It is wielding a club.
The goblin shouts!
You see here a golden potion.
You block the goblin's attack.
Your shield prevents you from hitting the goblin.
You block the goblin's attack.
You closely miss the goblin. The goblin barely misses you.
You slash the goblin!
You kill the goblin!
An ooze comes into view.
The ooze quivers.
Things that are here:
a club; a goblin corpse The ooze completely misses you.
You slash the ooze! The ooze barely misses you. The ooze closely misses you.
You slash the ooze!
You kill the ooze!
Your Axes skill increases to level 2!
You have reached level 2!
Your demonic ancestry asserts itself...
You slip into the darkness of the dungeon.
Health restored: 24; MP restored: 2

#.# #.# . ###.###.## ###
#.....#..# ...
#.#.#.##.###
#####.####.#........#
.........#.#.#.##.#.####
.......@).!....)........
.####.##.#.#...##..##.##
# #..#.#.#####.##.##
#..#..............
................##
.................##
....................
.#.#.#....[..#.......
.##.##.#.......


There were no monsters in sight!

Vanquished Creatures
  An ooze (D:1)
  A leopard gecko (D:1)
  3 goblins (D:1)
  A kobold (D:1)
  A rat (D:1)
7 creatures vanquished.

Notes
Turn   | Place    | Note
-------+----------+-------------------------------------------
     0 | D:1      | shakethe the Demonspawn Fighter began the quest for the Orb.
     0 | D:1      | Reached XP level 1. HP: 18/18 MP: 1/1
   138 | D:1      | Reached skill level 2 in Axes
   138 | D:1      | Gained mutation: You are slightly more attuned to the shadows. [demonic ancestry]
   138 | D:1      | Reached XP level 2. HP: 24/24 MP: 2/2
   139 | D:1      | Quit the game

Skill      XL: |  1 |
---------------+----+-----
Axes           | 2 |  2.0
Fighting       | |  3.2
Armour         | |  2.8
Shields        | |  2.9

Action                   || total
-------------------------++-------
Melee: War axe           ||    18
Armor: Scale mail        ||     6
Dodge: Dodged            ||     6
Block: Shield            ||    10

Vault maps used:
D:1:      lemuel_arrival_rhombus

Table legend:
 A = Turns spent in this place as a percentage of turns spent in the entire game.
 B = Non-inter-level travel turns spent in this place as a percentage of non-inter-level travel turns spent in the entire game.
 C = Inter-level travel turns spent in this place as a percentage of turns spent in this place.
 D = Turns resting spent in this place as a percentage of non-inter-level travel turns spent in this place.
 E = Turns spent auto-exploring this place as a percentage of non-inter-level travel turns spent in this place.
 F = Non-inter-level travel turns spent in this place divided by the number of levels of this place that you've seen.
                   A       B       C       D       E      F
               +-------+-------+-------+-------+-------+----------------------
         Total | 100.0 | 100.0 |   0.0 |   0.0 |  59.0 | 139.0
       Dungeon | 100.0 | 100.0 |   0.0 |   0.0 |  59.0 | 139.0
               +-------+-------+-------+-------+-------+----------------------

Table legend:
 A = Kills in this place as a percentage of kills in entire the game.
 B = Kills by you in this place as a percentage of kills by you in the entire game.
 C = Kills by friends in this place as a percentage of kills by friends in the entire game.
 D = Other kills in this place as a percentage of other kills in the entire game.
 E = Experience gained in this place as a percentage of experience gained in the entire game.
 F = Experience gained in this place divided by the number of levels of this place that you have seen.
                   A       B       C       D       E      F
               +-------+-------+-------+-------+-------+----------------------
         Total | 100.0 | 100.0 |   N/A |   N/A | 100.0 |  18.0
       Dungeon | 100.0 | 100.0 |   N/A |   N/A | 100.0 |  18.0
               +-------+-------+-------+-------+-------+----------------------
